 Dungeon Crawl Stone Soup version 0.28-b1-25-g9875b3fc8c (webtiles) character file.

Game seed: 10679567594327278682

382 pkoi the Cudgeller (level 6, -16/56 HPs)
             Began as a Minotaur Fighter on Jan 31, 2022.
             Demolished by an ogre (28 damage)
             ... on level 4 of the Dungeon.
             The game lasted 00:03:30 (3839 turns).

pkoi the Cudgeller (Minotaur Fighter)               Turns: 3839, Time: 00:03:31

Health: -16/56     AC: 14    Str: 23    XL:     6   Next: 47%
Magic:  5/5        EV:  9    Int:  5    God:
Gold:   143        SH:  4    Dex:  9    Spells: 5/5 levels left

rFire   . . .      SeeInvis .   k - +1 flail (protect)
rCold   . . .      Faith    .   c - +0 buckler
rNeg    . . .      Spirit   .   b - +0 scale mail
rPois   .          Reflect  .   (helmet restricted)
rElec   .          Harm     .   (no cloak)
rCorr   .          Rampage  .   (no gloves)
Will    .....                   (no boots)
Stlth   ..........              (no amulet)
HPRegen 0.18/turn               (no ring)
MPRegen 0.09/turn               (no ring)

@: under a protective aura
A: horns 2, retaliatory headbutt
a: no special abilities


You were on level 4 of the Dungeon.
You visited 1 branch of the dungeon, and saw 4 of its levels.

You collected 143 gold pieces.

Inventory:

Hand Weapons
 a - a +0 flail
 g - a +0 whip
 k - a +1 flail of protection (weapon)
Missiles
 j - 18 boomerangs (quivered)
Armour
 b - a +0 scale mail (worn)
 c - a +0 buckler (worn)
 n - an orb of light
Jewellery
 m - an amulet of magic regeneration
 p - a ring of poison resistance
Wands
 o - a wand of acid (6)
Scrolls
 d - a scroll of enchant armour {unknown}
 e - a scroll of immolation
 h - 2 scrolls of identify
 l - a scroll of fear
 q - a scroll of summoning {unknown}
Potions
 f - a potion of mutation
 i - a potion of curing
 r - a potion of cancellation {unknown}


   Skills:
 - Level 5.1 Fighting
 + Level 6.0 Maces & Flails
 - Level 5.1 Armour
 - Level 4.0 Shields
 + Level 1.0 Evocations


You had 5 spell levels left.
You didn't know any spells.
Your spell library contained the following spells:

 Spells                   Type           Power      Damage    Failure   Level
 Gell's Gravitas          Tloc           0%         N/A       99%         3
 Teleport Other           Tloc           0%         N/A       99%         3
 Dispersal                Tloc           0%         N/A       100%        6


Dungeon Overview and Level Annotations

Branches:
Dungeon (4/15)
 Temple: D:4-7

Altars:

Annotations:
D:4 1 runed translucent door, Crazy Yiuf


Innate Abilities, Weirdness & Mutations

You have a pair of horns on your head.
You reflexively headbutt those who attack you in melee.


Message History

No target in view!
No target in view!
No target in view!
No target in view!
No target in view!
Found a war axe.
r - a bubbling silvery potion
Found a stone staircase leading down.
No target in view!
No target in view!
No target in view!
Found a mace.
Found a runed translucent door.
Crazy Yiuf says, "Key light Xom!"
Found a mace.
An ogre comes into view. It is wielding a +0 giant spiked club.
Found 16 gold pieces.
The ogre shouts!
The ogre closely misses you.
You barely miss the ogre.
The ogre hits you with a +0 giant spiked club!!
You barely miss the ogre. The ogre barely misses you.
You hit the ogre.
Your weapon exudes an aura of protection.
The ogre is moderately wounded.
The ogre closely misses you.
You sock the ogre!
The ogre is heavily wounded.
The ogre hits you with a +0 giant spiked club!!
* * * LOW HITPOINT WARNING * * *
You are too injured to fight recklessly!
You are too injured to fight recklessly!
You are too injured to fight recklessly!
You are too injured to fight recklessly!
You are too injured to fight recklessly!
You are too injured to fight recklessly!
You thump the ogre!
The ogre is almost dead.
The ogre hits you with a +0 giant spiked club!!
Ouch! That really hurt!
You die...

#..## ###.### ###
#.....### ##.####
##.......###......
#...............## #
##........#......## ...
#.................#
.....#).................
.......@................
.......O................
........#...............
.........#..............
......... $.............
........................
........................
........................
.......).........


You could see an ogre.

Vanquished Creatures
  A black bear (D:3)
  A jelly (D:4)
  A hound (D:3)
  A bullfrog skeleton (D:3)
  Ijyb (D:3)
  A hound skeleton (D:4)
  Robin (D:3)
  5 adders
  An ufetubus (D:4)
  A worm (D:3)
  8 orcs
  4 bats
  3 endoplasms (D:2)
  3 giant cockroaches
  19 goblins
  5 hobgoblins (D:3)
  7 jackals
  6 quokkas
  9 ball pythons
  6 frilled lizards
  3 kobolds
  9 rats
96 creatures vanquished.

Notes
Turn   | Place    | Note
-------+----------+-------------------------------------------
     0 | D:1      | pkoi the Minotaur Fighter began the quest for the Orb.
     0 | D:1      | Reached XP level 1. HP: 19/19 MP: 0/0
   250 | D:1      | Reached XP level 2. HP: 21/27 MP: 1/1
   495 | D:1      | Reached skill level 3 in Maces & Flails
  1192 | D:2      | Reached XP level 3. HP: 31/33 MP: 2/2
  1868 | D:3      | Reached XP level 4. HP: 30/40 MP: 3/3
  2104 | D:2      | Reached skill level 4 in Maces & Flails
  2536 | D:3      | Reached XP level 5. HP: 42/47 MP: 4/4
  2647 | D:3      | Noticed a black bear
  2662 | D:3      | Killed a black bear
  2663 | D:3      | Reached skill level 5 in Fighting
  2663 | D:3      | Reached skill level 5 in Maces & Flails
  2663 | D:3      | Reached skill level 5 in Armour
  3118 | D:3      | Noticed Robin
  3135 | D:3      | Killed Robin
  3136 | D:3      | Reached XP level 6. HP: 53/56 MP: 5/5
  3295 | D:3      | Noticed Ijyb
  3302 | D:3      | Killed Ijyb
  3557 | D:4      | Reached skill level 6 in Maces & Flails
  3572 | D:4      | Reached skill level 1 in Evocations
  3781 | D:4      | Found a runed translucent door.
  3782 | D:4      | Noticed Crazy Yiuf
  3839 | D:4      | Demolished by an ogre

Illustrated notes

Levels and vault maps discovered:
D:1:      dpeg_arrival_houses_and_road, layout_basic, chequers_big_river,
          minmay_misc_feat_ornament, hangedman_decor_riveting,
          chequers_serial_rivers_room_a, minivault_27
D:2:      layout_basic
D:3:      kennysheep_goblin_castle, layout_rooms, uniq_robin
D:4:      layout_layer_cave, minmay_temple_entry_junction_2,
          uniq_crazy_yiuf_cottage

Skill      XL: |  1  2  3  4  5  6 |
---------------+-------------------+-----
Maces & Flails | 3 4 5 6 |  6.0
Fighting       | 4 5 |  5.1
Armour         | 4 5 |  5.1
Shields        | 4 |  4.0
Evocations     | 1 |  1.0

Action                   |  1- 3 |  4- 6 || total
-------------------------+-------+-------++-------
Melee: Flail             |    95 |   137 ||   232
       Headbutt          |     8 |    17 ||    25
  Use: Scroll            |     5 |       ||     5
       Potion            |     1 |     1 ||     2
Armor: Scale mail        |    52 |    88 ||   140
Dodge: Dodged            |    57 |    73 ||   130
Block: Buckler           |    25 |    33 ||    58
